 Dungeon Crawl Stone Soup version 0.32-a0-859-gb0a091d592 (webtiles) character file.

Game seed: 16190408761964877419

109 tilp the Vexing (level 4, 0/32 HPs)
             Began as a Vampire Enchanter on Mar 27, 2024.
             Slain by Robin
             ... wielding a +1 short sword of electrocution
              (2 damage)
             ... on level 2 of the Dungeon.
             The game lasted 00:03:13 (2034 turns).

tilp the Vexing (Vampire Enchanter)                 Turns: 2034, Time: 00:03:13

Health: 0/32       AC:  2    Str:  7    XL:     4   Next: 59%
Magic:  1/7        EV: 11    Int: 19    God:
Gold:   89         SH:  0    Dex: 14    Spells: 2/7 levels left

rFire   . . .        a - +1 dagger
rCold   . . .        (no shield)
rNeg    . . .        b - +0 robe
rPois   .            (no helmet)
rElec   .            (no cloak)
rCorr   .            (no gloves)
SInv    +            (no boots)
Will    .....        (no amulet)
Stlth   +++          (no ring)
HPRegen 0.45/turn    (no ring)
MPRegen 0.10/turn

%: no passive effects
@: very slightly contaminated, healing quickly, invisible
A: alive, fangs 3, see invisible, vampiric 2
a: Exsanguinate


You were on level 2 of the Dungeon.
You visited 1 branch of the dungeon, and saw 2 of its levels.

You collected 89 gold pieces.

Inventory:

Hand Weapons
 a - a +1 dagger (weapon)
Missiles
 e - 6 boomerangs
 h - 2 javelins (quivered)
Armour
 b - a +0 robe (worn)
Jewellery
 g - a ring of fire
Scrolls
 d - a scroll of acquirement {unknown}
 j - a scroll of enchant weapon {unknown}
Potions
 f - a potion of curing
 i - a potion of berserk rage
 k - a potion of lignification {unknown}


   Skills:
 * Level 1.4 Fighting
 + Level 1.7(2.2) Short Blades
 * Level 1.7(2.1) Long Blades
 + Level 2.8 Dodging
 + Level 4.9 Stealth
 + Level 2.3 Spellcasting
 * Level 5.1 Hexes


You had 2 spell levels left.
You knew the following spells:

 Your Spells              Type           Power      Damage    Failure   Level
a - Ensorcelled Hibernat  Hex/Ice        24%        N/A       9%          2
b - Confusing Touch       Hex            21%        N/A       6%          3

Your spell library contained the following spells:

 Spells                   Type           Power      Damage    Failure   Level
 Call Imp                 Summ           4%         N/A       24%         2
 Sublimation of Blood     Necr           2%         N/A       24%         2
 Tukima's Dance           Hex            21%        N/A       6%          3
 Dazzling Flash           Conj/Hex       24%        N/A       17%         3
 Inner Flame              Hex/Fire       12%        N/A       17%         3
 Fugue of the Fallen      Necr           2%         N/A       43%         3
 Ozocubu's Armour         Ice            2%         N/A       43%         3
 Flame Wave               Conj/Fire      2%         2d4       85%         4
 Sticky Flame             Fire/Alch      2%         2d4       85%         4
 Vhi's Electric Charge    Tloc/Air       4%         N/A       85%         4
 Arcjolt                  Conj/Air       1%         1d11      99%         5
 Plasma Beam              Fire/Air       1%         2x1d11    100%        6
 Manifold Assault         Tloc           1%         N/A       100%        7
 Summon Hydra             Summ           1%         N/A       100%        7


Dungeon Overview and Level Annotations

Branches:
Dungeon (2/15)

Altars:

Annotations:
D:2 Robin


Innate Abilities, Weirdness & Mutations

Your natural rate of healing is accelerated.
You have razor-sharp teeth.
You have supernaturally acute eyesight. (SInv)
You are afflicted with vampirism and can become a bat while bloodless.


Message History

Robin resists with significant effort.
The goblin barely misses you.
Robin hits you with a +1 short sword of electrocution.
Unknown command.
Casting: Ensorcelled Hibernation (safe; 9% risk of failure)
Confirm with . or Enter, or press ? or * to list all spells.
Aiming: Ensorcelled Hibernation (safe; 9% risk of failure)
Press: ? - help, Shift-Dir - straight line, f/p - Robin
Aim: Robin, wielding a +1 short sword of electrocution, wearing a +0 animal skin and wearing a +0 helmet (chance to affect: 54%)
You miscast Ensorcelled Hibernation.
You are very lightly contaminated with residual magic.
Nothing appears to happen.
The goblin misses you.
You fade into invisibility!
The goblin barely misses you. Robin closely misses you.
Unknown command.
You barely miss Robin. The goblin closely misses you.
Robin hits you with a +1 short sword of electrocution.
You hit Robin.
Robin is lightly wounded.
The goblin barely misses you.
Robin hits you with a +1 short sword of electrocution.
* * * LOW HITPOINT WARNING * * *
You hit Robin.
Robin is lightly wounded.
The goblin barely misses you.
You hit Robin. Your bite misses Robin.
Robin is moderately wounded.
Robin completely misses you. The goblin closely misses you.
You hit Robin but do no damage.
Robin is moderately wounded.
You feel better.
Robin hits you with a +1 short sword of electrocution.
You are electrocuted!!
Ouch! That really hurt!
* * * LOW HITPOINT WARNING * * *
The goblin hits you but does no damage.
You hit Robin but do no damage.
Robin is moderately wounded.
Robin hits you with a +1 short sword of electrocution.
You die...
Robin lets out a smug laugh.

#.##.## ##........#####...
#....# ##.....#.........
####.# ##...##########.
###.##### ##'#......# #.
#.......# #.#.####.# #.
#.#.###.#####.)......# #.
#.#.# #.#gg..g....##.# #.
#.#.###.#g##....#.##.####.
#.#.....g@#.....#.........
#.#####.####....####.#####
#.#####.# ##........#
#.......# ##.#####.#
######### #.......#
#########


You could see Robin (unable to see you) and 3 goblins.

Vanquished Creatures
  A gnoll bouda (D:2)
  3 adders (D:2)
  A dart slug (D:1)
  A bat (D:1)
  6 endoplasms
  2 giant cockroaches
  11 goblins
  5 hobgoblins
  2 kobolds
  A quokka (D:1)
  4 ball pythons
  2 frilled lizards (D:2)
  9 rats
48 creatures vanquished.

Notes
Turn   | Place    | Note
-------+----------+-------------------------------------------
     0 | D:1      | tilp the Vampire Enchanter began the quest for the Orb.
     0 | D:1      | Reached XP level 1. HP: 13/13 MP: 3/3
   131 | D:1      | Reached XP level 2. HP: 11/20 MP: 5/5
   155 | D:1      | Learned a level 2 spell: Ensorcelled Hibernation
   546 | D:1      | Reached skill level 1 in Long Blades
   743 | D:1      | Gained mutation: You are afflicted with vampirism and can
                  | become a bat while bloodless. [Vampire growth]
   743 | D:1      | Reached XP level 3. HP: 25/25 MP: 6/6
   747 | D:1      | Learned a level 3 spell: Confusing Touch
  1048 | D:2      | Noticed Robin
  1367 | D:2      | Reached skill level 1 in Fighting
  1367 | D:2      | Reached XP level 4. HP: 9/32 MP: 2/7
  1517 | D:2      | Reached skill level 5 in Hexes
  2033 | D:2      | HP: 1/32 [Robin/+1 short sword of electrocution (19)]
  2034 | D:2      | Slain by Robin

Illustrated notes

Levels and vault maps discovered:
D:1:      tarquinn_simple_flora_water_e, layout_loops_ring
D:2:      wad_crossroads, layout_loops_corners, uniq_robin

Skill      XL: |  1  2  3  4 |
---------------+-------------+-----
Long Blades    | 1 |  1.7
Fighting       | 1 |  1.4
Hexes          | 5 |  5.1
Short Blades   | |  1.7
Dodging        | |  2.8
Stealth        | |  4.9
Spellcasting   | |  2.3

Action                     |  1- 3 |  4- 6 || total
---------------------------+-------+-------++-------
  Melee: Dagger            |    96 |    38 ||   134
         Bite              |     6 |     2 ||     8
   Cast: Ensorcelled Hiber |    11 |     8 ||    19
    Use: Scroll            |     2 |     1 ||     3
         Potion            |     1 |     2 ||     3
   Stab: Sleeping          |    20 |     8 ||    28
         Distracted        |     1 |       ||     1
         Invisible         |     1 |       ||     1
 Armour: Robe              |    40 |    35 ||    75
  Dodge: Dodged            |    51 |    26 ||    77

Table legend: (Time is in decaauts)
 A = Elapsed time spent in this place.
 B = Non-inter-level travel time spent in this place.
 C = Inter-level travel time spent in this place.
 D = Time resting spent in this place.
 E = Time spent auto-exploring this place.
 F = Levels seen in this place.
 G = Mean time per level.
                   A        B        C        D        E       F      G
               +--------+--------+--------+--------+--------+-----+--------+
         Total |   2023 |   1976 |     47 |    161 |   1383 |   2 | 1011.5 |
       Dungeon |   2023 |   1976 |     47 |    161 |   1383 |   2 | 1011.5 |
               +--------+--------+--------+--------+--------+-----+--------+

Top non-repeatable levels by time:
     D:2: 1070 daAuts
     D:1: 953 daAuts
